Map: 썬더버드 - 래더

Players

Zest

  • Race: Protoss Protoss
  • League: Master
  • Spawn Location: 5:00

llllllllllll (Trap) - Winner!

  • Race: Protoss Protoss
  • League: Master
  • Spawn Location: 11:00

VOD

Have the link to the VOD?

Description

Time

  • Played on: Aug. 8, 2019, 9:21 a.m.
  • Length: 10:19
Show
View Real Time Build Order
Export as new Build Order

Zest Protoss 

Build Orders: Phoenix Opening 

Get SALT Encoding   

  12  0:00  Probe  
  13  0:13  Probe  
  14  0:18  Pylon  
  14  0:24  Probe  
  15  0:32  Probe  
  15  0:37  Gateway  
  15  0:41  Probe  
  16  0:46  Assimilator  
  17  0:51  Probe  
  17  0:54  Assimilator  
  18  1:00  Probe  
  19  1:07  Gateway  
  19  1:08  Probe  
  19  1:17  Probe  
  20  1:24  Cybernetics Core  
  21  1:29  Probe  
  22  1:33  Pylon  
  22  1:41  Probe  
  23  1:54  Warp Gate, Probe  
  24  2:00  Stalker, Sentry  
  28  2:07  Pylon  
  28  2:26  Stalker, Pylon  
  30  2:30  Stalker  
  30  2:33  Phoenix  
  32  2:40  Robotics Facility  
  32  2:44  Gateway  
  32  2:57  Stalker  
  34  3:00  Stalker  
  34  3:02  Pylon  
  36  3:17  Warp Prism  
  38  3:42  Stalker x3  
  38  3:48  Pylon  
  44  3:54  Observer  
  44  4:07  Adept x3  
  48  4:27  Stalker x2  
  48  4:39  Stargate  
  48  5:05  Zealot  
  48  5:06  Zealot x2  
  54  5:12  Pylon  
  54  5:15  Phoenix  
  52  5:27  Pylon  
  54  5:39  Phoenix  
  48  5:52  Observer  
  44  5:57  Immortal  
  44  6:04  Phoenix  
  48  6:20  Nexus, Probe  
  49  6:27  Observer  
  49  6:28  Sentry x2  
  49  6:29  Probe  
  53  6:38  Probe  
  55  6:51  Immortal  
  55  6:53  Probe  
  60  7:12  Probe  
  61  7:17  Forge  
  59  7:30  Observer  
  59  7:31  Stalker x3  
  44  7:57  Stalker x3  
  36  8:20  Stalker x2  
  36  8:21  Zealot  
  36  8:23  Pylon  
  36  8:26  Immortal  
  42  8:46  Stalker, Zealot  
  40  9:02  Stalker  
  34  9:15  Stalker  
  32  9:38  Stalker x2  
  30  9:52  Stalker  
  28  10:04  Stalker  
Show
View Real Time Build Order
Export as new Build Order

llllllllllll Protoss - Winner!

Build Orders:  

Get SALT Encoding   

  12  0:00  Probe  
  13  0:12  Probe  
  14  0:18  Pylon  
  14  0:24  Probe  
  15  0:32  Probe  
  15  0:37  Gateway  
  15  0:41  Probe  
  17  0:51  Probe  
  17  0:54  Assimilator  
  18  0:58  Assimilator  
  18  0:59  Probe  
  19  1:06  Gateway  
  19  1:07  Probe  
  19  1:17  Probe  
  20  1:24  Cybernetics Core  
  21  1:29  Probe  
  22  1:38  Pylon  
  22  1:41  Probe  
  23  1:56  Probe  
  23  2:01  Stalker, Robotics Facility  
  24  2:03  Warp Gate  
  28  2:13  Stalker  
  28  2:17  Pylon  
  28  2:31  Stalker  
  30  2:37  Immortal  
  34  2:53  Gateway  
  34  3:05  Sentry, Shield Battery  
  36  3:07  Warp Prism  
  37  3:23  Pylon  
  37  3:41  Immortal  
  41  4:03  Sentry x2, Adept  
  41  4:07  Pylon  
  35  4:35  Stalker x2  
  35  4:36  Stalker  
  41  4:42  Pylon  
  41  4:56  Twilight Council  
  41  5:16  Stalker x2  
  41  5:18  Zealot  
  41  5:20  Pylon  
  47  5:23  Blink  
  38  6:03  Stalker x3  
  40  6:14  Nexus  
  40  6:32  Stalker x2  
  44  6:41  Stalker  
  46  6:47  Pylon  
  46  7:06  Stalker, Sentry  
  47  7:11  Stalker  
  46  7:36  Stalker  
  42  7:39  Stalker  
  32  8:04  Stalker  
  32  8:05  Stalker  
  31  8:17  Stalker  
  31  8:30  Stalker  
  31  8:32  Stalker  
  31  9:02  Stalker x2  
  35  9:09  Stalker  
  27  9:28  Stalker  
  27  9:29  Stalker  
  29  9:43  Stalker  
  29  9:59  Stalker  
  29  10:05  Sentry  
  31  10:13  Sentry  
Tags
 
Matchup
PvP
Player
TrapZest
Replay Pack
GBL
Spawn Locations
Cross Positions
Add a new tag
Caveats
  • Supply blocks, unpowered buildings, or Contaminate may cause inaccurate times.
  • Supply counts are checked every 10 seconds.